[Event "Team 45 45 League T86"]
[Site "Internet Chess Club"]
[Date "2020.11.08"]
[Round "6"]
[White "julesraider"]
[Black "Portola"]
[Result "1/2-1/2"]
[WhiteElo "1562"]
[BlackElo "1653"]
[Opening "Catalan: closed, main line"]
[ECO "E09"]
[Time "12:00:27"]
[TimeControl "2700+45"]

1. d4 d5 2. c4 e6 3. g3 Nf6 4. Bg2 c6 5. Nf3 Be7 6. O-O O-O 7. Qc2 Nbd7 8. Nbd2
Qb6 9. e4 dxe4 10. Nxe4 Nxe4 11. Qxe4 Nf6 12. Qc2 Bd7 13. Re1 Rfe8 14. b3 Rad8
15. Bb2 Bc8 16. Rad1 Qa5 17. Re5 Qb6 18. c5 Qc7 19. Ng5 h6 20. Nh3 Nd5 21. Nf4
Nxf4 22. gxf4 f5 23. Rd3 Bf6 24. Ree3 Qxf4 25. Rf3 Qc7 26. Qc4 Kh7 27. Bc1 e5
28. dxe5 Bxe5 29. Rh3 Rxd3 30. Qxd3 Bf4 31. Be3 Bxe3 32. Rxe3 Rxe3 33. fxe3 Qe5
34. Qd4 Qe7 35. Kf2 Qf7 36. Bf3 g5 37. Qe5 g4 38. Be2 Be6 39. Bd3 h5 40. Kg3 a6
41. b4 Kg6 42. h4 gxh3 43. a4 Kh7 44. Kxh3 Qg6 45. Qc7+ Bf7 46. Qf4 Qg4+ 47.
Qxg4 hxg4+ 48. Kg3 Be6 49. b5 axb5 50. axb5 cxb5 51. Bxb5 Kg6 52. Kf4 Kf6 53.
Bd3 Bd7 54. Bc4 Bc6 55. Bd3 Bd7 {Game drawn by mutual agreement} 1/2-1/2

[Event "Team 45 45 League T86"]
[Site "Internet Chess Club"]
[Date "2020.11.05"]
[Round "6"]
[White "evan7284"]
[Black "olivermx"]
[Result "1-0"]
[WhiteElo "1639"]
[BlackElo "1320"]
[Opening "Queen's pawn, Mason variation"]
[ECO "D00"]
[Time "14:03:09"]
[TimeControl "2700+45"]

1. d4 d5 2. Bf4 Nf6 3. e3 e6 4. Nd2 c5 5. c3 Nc6 6. Bd3 c4 7. Bc2 Bd6 8. Bxd6
Qxd6 9. f4 O-O 10. Ngf3 Qe7 11. Ne5 Nxe5 12. fxe5 Nd7 13. O-O f6 14. exf6 Nxf6
15. Nf3 b6 16. Ne5 Bb7 17. Qe1 Nd7 18. Qg3 Nxe5 19. Qxe5 Rad8 20. Qh5 g6 21. Qe5
Qg7 22. Qxe6+ Kh8 23. Rxf8+ Rxf8 24. Rf1 Rxf1+ 25. Kxf1 Qf8+ 26. Ke2 Kg7 27.
Qd7+ Qf7 28. Qxf7+ Kxf7 29. Kf3 Kf6 30. e4 dxe4+ 31. Bxe4 Bxe4+ 32. Kxe4 Ke6 33.
g4 b5 34. g5 a6 35. a3 a5 36. d5+ Kd6 37. Kd4 {Black resigns} 1-0

[Event "Team 45 45 League T86"]
[Site "Internet Chess Club"]
[Date "2020.11.08"]
[Round "6"]
[White "Andressa"]
[Black "rubo"]
[Result "0-1"]
[WhiteElo "1378"]
[BlackElo "1496"]
[Opening "Caro-Kann defense"]
[ECO "B11"]
[Time "22:12:56"]
[TimeControl "2700+45"]

1. e4 c6 2. Nc3 d5 3. exd5 cxd5 4. d4 Bf5 5. Nf3 Nf6 6. Bb5+ Nc6 7. O-O e6 8.
Bf4 Bd6 9. Bg3 O-O 10. Qe2 Bg4 11. Bxc6 bxc6 12. h3 Bxg3 13. fxg3 Bxf3 14. Qxf3
Qb6 15. Qd3 Qxb2 16. Rfb1 Qa3 17. Rb3 Qa5 18. Rab1 Qc7 19. Rb7 Qd6 20. Ne2 Rfb8
21. Qa6 Ne4 22. Kh2 g6 23. Rxb8+ Rxb8 24. Rxb8+ Qxb8 25. Qxc6 Qb1 26. a4 Qe1 27.
Qb5 Kg7 28. g4 Nf2 29. a5 h5 30. gxh5 gxh5 31. h4 Qh1+ 32. Kg3 Ne4+ 33. Kf3 Qxh4
34. g3 Qh2 35. Qd3 Qf2# {White checkmated} 0-1

[Event "Team 45 45 League T86"]
[Site "Internet Chess Club"]
[Date "2020.11.08"]
[Round "6"]
[White "nosir"]
[Black "MartyJR"]
[Result "1/2-1/2"]
[WhiteElo "1405"]
[BlackElo "1434"]
[Opening "Queen's pawn game"]
[ECO "D05"]
[Time "17:00:22"]
[TimeControl "2700+45"]

1. d4 d5 2. Nf3 Nf6 3. e3 e6 4. Bd3 Bd6 5. O-O O-O 6. b3 Nbd7 7. Bb2 Re8 8. Ne5
c5 9. Nd2 cxd4 10. exd4 Qc7 11. f4 b6 12. c4 Bb7 13. Rc1 Qd8 14. a3 Rc8 15. b4
dxc4 16. Ndxc4 Bb8 17. Nxd7 Qxd7 18. Ne5 Qd5 19. Qf3 Qxf3 20. Nxf3 Bxf4 21. Rce1
Nd5 22. Bc1 Bxc1 23. Rxc1 Ne3 24. Rfe1 Nd5 25. Ng5 g6 26. Ne4 Rxc1 27. Rxc1 Rc8
28. Re1 Rd8 29. Bb1 Kg7 30. Ba2 Nf4 31. Ng5 Bxg2 32. Bxe6 Rxd4 33. Bb3 Bd5 34.
Re3 Bxb3 35. Rxb3 Rd3 36. Rxd3 Nxd3 37. Ne4 a5 38. bxa5 bxa5 39. Nc3 f5 40. Kf1
Kf6 41. Ke2 Nc5 42. Ke3 Ke5 43. Ne2 g5 44. Kf3 h5 45. h3 Ne6 46. Ng3 Nd4+ 47.
Kf2 h4 48. Nf1 a4 49. Ne3 Nc2 50. Nxc2 g4 51. hxg4 fxg4 {Game drawn by mutual
agreement} 1/2-1/2

[Event "Team 45 45 League T86"]
[Site "Internet Chess Club"]
[Date "2020.11.09"]
[Round "6"]
[White "rookmaster23"]
[Black "zugknightly"]
[Result "1/2-1/2"]
[WhiteElo "1710"]
[BlackElo "1828"]
[Opening "Sicilian: Pelikan, Chelyabinsk variation"]
[ECO "B33"]
[Time "19:35:54"]
[TimeControl "2700+45"]

1. e4 c5 2. Nf3 Nc6 3. d4 cxd4 4. Nxd4 Nf6 5. Nc3 e5 6. Ndb5 d6 7. Bg5 a6 8. Na3
b5 9. Nd5 Be7 10. Bxf6 Bxf6 11. c3 Bg5 12. Nc2 O-O 13. a4 {Game drawn by mutual
agreement} 1/2-1/2

[Event "Team 45 45 League T86"]
[Site "Internet Chess Club"]
[Date "2020.11.08"]
[Round "6"]
[White "Denis240964"]
[Black "sburreus09"]
[Result "0-1"]
[WhiteElo "1417"]
[BlackElo "1511"]
[Opening "King's pawn opening"]
[ECO "B07"]
[Time "09:00:20"]
[TimeControl "2700+45"]

1. e4 d6 2. d4 c6 3. Nf3 Bg4 4. Be2 Nd7 5. Nc3 Ngf6 6. Be3 Qc7 7. O-O e5 8. Qd3
Be7 9. Rad1 O-O 10. Ne1 Bh5 11. Bxh5 Nxh5 12. Qe2 Nf4 13. Bxf4 exf4 14. Qg4 g5
15. Nf3 f6 16. Rd3 Rf7 17. Nh4 Nf8 18. Nf5 Kh8 19. Qh5 Ng6 20. Rh3 Rg8 21. Nh6
Bf8 22. Nxg8 Kxg8 23. Rd3 a6 24. Qe2 Re7 25. d5 c5 26. Re1 Ne5 27. Rdd1 g4 28.
Kh1 h5 29. f3 Bh6 30. fxg4 hxg4 31. h3 Rg7 32. Qf2 Qd7 33. Ne2 gxh3 34. gxh3
Qxh3+ 35. Qh2 Qf3+ 36. Qg2 Qxg2# {White checkmated} 0-1

[Event "Team 45 45 League T86"]
[Site "Internet Chess Club"]
[Date "2020.11.07"]
[Round "6"]
[White "tryanything"]
[Black "DaveTheRook"]
[Result "1-0"]
[WhiteElo "1550"]
[BlackElo "1512"]
[Opening "French defense"]
[ECO "C00"]
[Time "17:53:54"]
[TimeControl "2700+45"]

1. e4 e6 2. Nf3 b6 3. g3 Bb7 4. d3 Nf6 5. Bg2 Be7 6. Nc3 O-O 7. O-O d6 8. b3 a6
9. a4 Re8 10. Bb2 Qc8 11. Ne2 Nbd7 12. Nfd4 c5 13. Nf3 Rb8 14. c4 Qc7 15. Qc2 h6
16. Rac1 Rec8 17. d4 Bxe4 18. Qc3 Bf8 19. Rfe1 Bh7 20. Nf4 Ne4 21. Qe3 Qd8 22.
d5 e5 23. Nd3 Nef6 24. Nd2 Ng4 25. Qe2 Qg5 26. h4 Qg6 27. Be4 Qxe4 28. Nxe4
{Black resigns} 1-0

[Event "Team 45 45 League T86"]
[Site "Internet Chess Club"]
[Date "2020.11.05"]
[Round "6"]
[White "WillC"]
[Black "KidRattler"]
[Result "0-1"]
[WhiteElo "1570"]
[BlackElo "1756"]
[Opening "Queen's pawn game, Darooha variation "]
[ECO "D02"]
[Time "18:32:15"]
[TimeControl "2700+45"]

1. d4 Nf6 2. Nf3 d5 3. g3 Bg4 4. Bg2 e6 5. Bg5 Be7 6. Nbd2 Nbd7 7. O-O O-O 8. c4
Bxf3 9. Bxf3 c6 10. e4 dxe4 11. Nxe4 Nxe4 12. Bxe7 Qxe7 13. Bxe4 Rad8 14. Qc2 g6
15. Rad1 e5 16. Rfe1 Qf6 17. d5 Nc5 18. dxc6 bxc6 19. Bg2 Ne6 20. Qe4 Rxd1 21.
Rxd1 Nd4 22. Re1 Re8 23. f4 c5 24. fxe5 Qa6 25. Qd5 Qxa2 26. Qxc5 Qxb2 27. Qxa7
Ne2+ 28. Kh1 Qxe5 29. Qf2 Nxg3+ 30. Kg1 Qxe1+ 31. Qxe1 Rxe1+ 32. Kf2 Rc1 {White
resigns} 0-1

[Event "Team 45 45 League T86"]
[Site "Internet Chess Club"]
[Date "2020.11.10"]
[Round "6"]
[White "ivanson"]
[Black "RD1974"]
[Result "1/2-1/2"]
[WhiteElo "1627"]
[BlackElo "1560"]
[Opening "Scandinavian: Pytel-Wade variation"]
[ECO "B01"]
[Time "17:05:54"]
[TimeControl "2700+45"]

1. e4 d5 2. exd5 Qxd5 3. Nc3 Qd6 4. d4 Nf6 5. Nf3 c6 6. Ne5 Bf5 7. Bc4 e6 8. Bf4
Qb4 9. Bb3 Ne4 10. a3 Qa5 11. Nc4 Qd8 12. Nxe4 Bxe4 13. O-O Be7 14. Re1 Bf5 15.
Qd2 O-O 16. Rad1 Na6 17. Ne5 h6 18. c3 Nc7 19. Qe2 Bg5 20. Bxg5 Qxg5 21. Nf3 Qd8
22. Ne5 Ne8 23. h3 Nf6 24. g4 Bh7 25. f4 Nd5 26. Bxd5 Qxd5 27. Qc4 Qd8 28. Nf3
Qc7 29. Ne5 a5 30. Rf1 a4 31. Rde1 Bc2 32. Qe2 Bb3 33. Nd3 Bc4 34. Qe3 Qd6 35.
Rf2 Qd8 36. Ne5 Bb3 37. Nf3 Bc4 {Game drawn by mutual agreement} 1/2-1/2

[Event "Team 45 45 League T86"]
[Site "Internet Chess Club"]
[Date "2020.11.05"]
[Round "6"]
[White "Rybo88"]
[Black "Validus"]
[Result "1-0"]
[WhiteElo "1449"]
[BlackElo "1422"]
[Opening "Scandinavian (center counter) defense"]
[ECO "B01"]
[Time "18:29:15"]
[TimeControl "2700+45"]

1. e4 d5 2. e5 Bf5 3. d4 e6 4. Nf3 h6 5. Be2 Nd7 6. O-O c5 7. c3 f6 8. exf6
Ngxf6 9. Bf4 Be7 10. h3 O-O 11. Re1 Ne4 12. dxc5 Bxc5 13. Nd4 Rc8 14. Nd2 Qh4
15. Be3 Bd6 16. Nxf5 exf5 17. Nxe4 Qxe4 18. Bf3 Qe5 19. Bxd5+ Kh8 20. Bd4 Qh2+
21. Kf1 Rce8 22. f3 Qh1+ 23. Kf2 Qh2 24. Rh1 Qg3+ 25. Kf1 Nf6 26. Bxa7 Re5 27.
Bxb7 Rfe8 28. Bf2 Bc5 29. Bxg3 Rd5 30. Bxd5 Nxd5 31. Qxd5 {Black resigns} 1-0

[Event "Team 45 45 League T86"]
[Site "Internet Chess Club"]
[Date "2020.11.05"]
[Round "6"]
[White "bardu"]
[Black "kingsrook"]
[Result "1-0"]
[WhiteElo "1367"]
[BlackElo "1122"]
[Opening "QGD: Tarrasch, Prague variation, 9.Bg5"]
[ECO "D34"]
[Time "13:21:59"]
[TimeControl "2700+45"]

1. d4 d5 2. c4 e6 3. Nc3 c5 4. cxd5 exd5 5. Nf3 Nc6 6. g3 Nf6 7. Bg2 Be7 8. O-O
O-O 9. Bg5 cxd4 10. Nxd4 Nxd4 11. Qxd4 Be6 12. Rfd1 b6 13. Nxd5 Nxd5 14. Bxd5
Bxg5 15. Bxa8 Qxa8 16. Qa4 Bh3 17. f3 Be3+ 18. Kh1 h6 19. Qh4 Be6 20. Rd3 Bc5
21. b4 Bf2 22. Kg2 Bxg3 23. hxg3 Rc8 24. Rad1 Kh7 25. Rd8 g5 26. Rxc8 Qxc8 27.
Qe4+ f5 28. Qe5 {Black forfeits on time} 1-0

[Event "Team 45 45 League T86"]
[Site "Internet Chess Club"]
[Date "2020.11.07"]
[Round "6"]
[White "cadmiumorange"]
[Black "bobhill"]
[Result "1-0"]
[WhiteElo "1806"]
[BlackElo "1915"]
[Opening "Richter-Veresov attack"]
[ECO "D01"]
[Time "10:01:26"]
[TimeControl "2700+45"]

1. d4 d5 2. Nc3 Nf6 3. Bg5 g6 4. Bxf6 exf6 5. e3 c6 6. Bd3 Qb6 7. Nge2 Qxb2 8.
Rb1 Qa3 9. O-O Bg7 10. f4 Qe7 11. e4 dxe4 12. Nxe4 f5 13. Nc5 O-O 14. c3 b6 15.
Nb3 Na6 16. Qd2 Nc7 17. Rbe1 Qd6 18. Kh1 Be6 19. Ng1 a5 20. Nf3 a4 21. Nc1 c5
22. Qf2 c4 23. Bb1 Nd5 24. Ne2 b5 25. Ng5 Rfe8 26. Qh4 h6 27. Nh3 Ne3 28. Rf3
Bd5 29. Rg3 Ng4 30. Rxg4 fxg4 31. Qxg4 Re3 32. f5 h5 33. Qg5 Rxh3 34. Nf4 Rxc3
35. fxg6 Bxg2+ 36. Qxg2 Rf8 37. Nd5 b4 38. Qe4 f5 39. Ne7+ Kh8 40. Qh4 Bh6 41.
Qxh5 Kg7 42. Nxf5+ Rxf5 43. Qxf5 Be3 44. Qf7+ Kh6 45. g7 Qc6+ 46. d5 Qd6 47.
g8=Q {Black resigns} 1-0

[Event "Team 45 45 League T86"]
[Site "Internet Chess Club"]
[Date "2020.11.07"]
[Round "6"]
[White "CPTsopiens"]
[Black "Packerfan"]
[Result "0-1"]
[WhiteElo "1761"]
[BlackElo "1822"]
[Opening "Ruy Lopez: Schliemann defense"]
[ECO "C63"]
[Time "10:01:31"]
[TimeControl "2700+45"]

1. e4 e5 2. Nf3 Nc6 3. Bb5 f5 4. d3 fxe4 5. dxe4 Nf6 6. O-O Bc5 7. Nc3 d6 8. Bg5
O-O 9. Bc4+ Kh8 10. a3 Qe8 11. Bxf6 gxf6 12. Nd5 Bb6 13. Nh4 Ne7 14. Nxb6 axb6
15. f4 Bd7 16. f5 Bb5 17. Bxb5 Qxb5 18. Qh5 Qe8 19. Qe2 Rg8 20. b4 d5 21. exd5
Nxd5 22. Qd2 Nf4 23. Rxf4 exf4 24. Qxf4 Qe5 25. Ng6+ Rxg6 26. Qxe5 Rxg2+ 27.
Kxg2 fxe5 28. Kf3 Kg7 29. Ke4 Kf6 30. a4 Rd8 31. c3 Rd2 32. a5 bxa5 33. Rxa5
Rxh2 34. Ra7 Rh3 35. Rxb7 Rxc3 36. Rb5 h5 37. Rb8 Rc4+ 38. Kd3 Rf4 39. Rf8+ Kg5
40. Rf7 Rxb4 41. Rxc7 Kxf5 42. Rh7 h4 43. Rh5+ Kg4 44. Rxe5 h3 45. Re8 h2 46.
Re1 Kg3 47. Re3+ Kg4 48. Re1 Rb5 49. Re4+ Kg5 50. Re1 Rf5 51. Rh1 Rf2 52. Ke3
Ra2 53. Kf3 Kh4 54. Re1 Kh3 55. Rh1 Rg2 56. Re1 Rg1 {White resigns} 0-1

[Event "Team 45 45 League T86"]
[Site "Internet Chess Club"]
[Date "2020.11.07"]
[Round "6"]
[White "cayo89"]
[Black "Beetlejuice"]
[Result "1/2-1/2"]
[WhiteElo "1574"]
[BlackElo "1656"]
[Opening "Dutch"]
[ECO "A80"]
[Time "08:09:39"]
[TimeControl "2700+45"]

1. d4 f5 2. Bf4 Nf6 3. e3 g6 4. Be2 Bg7 5. h4 h6 6. Nd2 d6 7. c3 Nc6 8. Ngf3 O-O
9. Qc2 Qe8 10. O-O e5 11. dxe5 dxe5 12. Bg3 Qe7 13. Nh2 Be6 14. b3 Nd5 15. e4
Nxc3 16. Qxc3 f4 17. Nhf3 fxg3 18. fxg3 Rad8 19. Bc4 Kh7 20. Bxe6 Qxe6 21. Rfe1
Rf7 22. Qc4 Qxc4 23. Nxc4 Rfd7 24. Ne3 Nd4 25. Rad1 Ne2+ 26. Rxe2 Rxd1+ 27. Nxd1
Rxd1+ 28. Kf2 Kg8 29. Rc2 c6 30. Rc4 Kf7 31. Ke2 Rd6 32. a4 Ke6 33. g4 Rd7 {Game
drawn by mutual agreement} 1/2-1/2

[Event "Team 45 45 League T86"]
[Site "Internet Chess Club"]
[Date "2020.11.08"]
[Round "6"]
[White "fvafier"]
[Black "ivanson"]
[Result "1/2-1/2"]
[WhiteElo "1559"]
[BlackElo "1630"]
[Opening "King's Indian: fianchetto, classical variation"]
[ECO "E67"]
[Time "14:00:50"]
[TimeControl "2700+45"]

1. Nf3 Nf6 2. d4 g6 3. c4 Bg7 4. g3 O-O 5. Bg2 d6 6. O-O Nbd7 7. Nc3 e5 8. Bg5
h6 9. Bxf6 Bxf6 10. e3 c6 11. Ne4 Qe7 12. Rc1 Bg7 13. Re1 Rd8 14. Qc2 Nf8 15.
Qb3 Bf5 16. Nc3 Rab8 17. e4 Bd7 18. dxe5 dxe5 19. Rcd1 Ne6 20. Qc2 g5 21. Re2
Nd4 22. Nxd4 exd4 23. Nb1 c5 24. Rd3 Bc6 25. f3 Re8 26. Bh3 a6 27. Bf5 Bd7 28.
Bxd7 Qxd7 29. f4 g4 30. e5 f6 31. exf6 Bxf6 32. Nc3 Rxe2 33. Qxe2 Re8 34. Qd2
Qe6 35. Nd5 Bd8 36. Kf2 b5 37. b3 b4 38. Qd1 Kf7 39. Rd2 h5 40. Re2 Qxe2+ 41.
Qxe2 Rxe2+ 42. Kxe2 Ke6 43. Kd3 Kf5 44. Ke2 Ke4 45. Kd2 h4 46. gxh4 Bxh4 47. Ke2
Bd8 {Game drawn by mutual agreement} 1/2-1/2

[Event "Team 45 45 League T86"]
[Site "Internet Chess Club"]
[Date "2020.11.07"]
[Round "6"]
[White "LookImYourVader"]
[Black "Draconian"]
[Result "1-0"]
[WhiteElo "1786"]
[BlackElo "1693"]
[Opening "Sicilian defense"]
[ECO "B30"]
[Time "15:01:33"]
[TimeControl "2700+45"]

1. e4 c5 2. Nf3 Nc6 3. c3 Nf6 4. e5 Nd5 5. d4 cxd4 6. cxd4 e6 7. Bc4 Bb4+ 8. Bd2
O-O 9. O-O d6 10. a3 Bxd2 11. Nbxd2 dxe5 12. dxe5 Qc7 13. Re1 Rd8 14. Rc1 a6 15.
Qc2 Qe7 16. Bd3 h6 17. Ne4 Nf4 18. Bf1 Bd7 19. Qb3 Be8 20. Nc5 Rd5 21. Qxb7 Qxb7
22. Nxb7 Ng6 23. Bc4 Rd7 24. Nc5 Rda7 25. Bd3 Nf4 26. Be4 Rb8 27. g3 Nh5 28.
Nxe6 Nxe5 29. Nxe5 fxe6 30. b4 a5 31. Bc6 axb4 32. Bxe8 Rxe8 33. axb4 Rb7 34.
Rb1 Rb5 35. Nc6 Nf6 36. Nd4 Rb6 37. b5 Nd5 38. Rec1 e5 39. Nc6 Kf7 40. Rc5 Nc7
41. Nxe5+ Ke6 42. Rxc7 Kxe5 43. Re1+ Kd6 44. Rxe8 Kxc7 45. Re7+ Kd6 46. Rxg7 Kc5
47. h4 Kxb5 48. h5 Kc5 49. Rg6 Rb1+ 50. Kg2 Kd5 51. Rxh6 Ke5 52. g4 Kf4 53. Rg6
Rc1 {Black resigns} 1-0

[Event "Team 45 45 League T86"]
[Site "Internet Chess Club"]
[Date "2020.11.07"]
[Round "6"]
[White "BrianWood"]
[Black "rookmaster23"]
[Result "1/2-1/2"]
[WhiteElo "1658"]
[BlackElo "1704"]
[Opening "Grünfeld: Russian, Alekhine (Hungarian) variation"]
[ECO "D97"]
[Time "14:30:54"]
[TimeControl "2700+45"]

1. d4 Nf6 2. c4 g6 3. Nc3 d5 4. Nf3 Bg7 5. Qb3 dxc4 6. Qxc4 O-O 7. e4 a6 8. Be2
b5 9. Qb3 c5 10. dxc5 Be6 11. Qc2 Nbd7 12. Be3 Rc8 13. Rd1 Qa5 14. Nd4 Nxc5 15.
O-O Ncxe4 16. Nxe6 fxe6 17. Qb3 Nxc3 18. Qxe6+ Kh8 19. bxc3 Qc7 20. Bf3 Qc4 21.
Qxe7 Qxa2 22. Ra1 Qf7 23. Qxf7 Rxf7 24. Rxa6 Rxc3 25. Ra8+ Bf8 26. Bh6 Kg8 27.
Rd1 Ra3 28. Bxf8 Rxa8 29. Bxa8 Rxf8 30. Bf3 {Game drawn by mutual agreement}
1/2-1/2

[Event "Team 45 45 League T86"]
[Site "Internet Chess Club"]
[Date "2020.11.09"]
[Round "6"]
[White "WillC"]
[Black "Kingofknights"]
[Result "1-0"]
[WhiteElo "1585"]
[BlackElo "1535"]
[Opening "Queen's pawn game, Darooha variation "]
[ECO "D02"]
[Time "17:12:35"]
[TimeControl "2700+45"]

1. d4 d5 2. Nf3 Nf6 3. b3 Bf5 4. Bb2 h6 5. g3 e6 6. Bg2 c5 7. e3 Nc6 8. a3 b5 9.
dxc5 Bxc5 10. Nbd2 Qe7 11. Ne5 Nxe5 12. Bxe5 Bd6 13. Bb2 Rc8 14. Rc1 Bxa3 15.
Bxa3 Qxa3 16. O-O O-O 17. Ra1 Qc5 18. c4 dxc4 19. bxc4 Bd3 20. Re1 bxc4 21. Qa4
Rc7 22. Rec1 Nd5 23. e4 Nb6 24. Qd1 Rfc8 25. Rc3 Qb4 26. Raa3 a5 27. Qa1 a4 28.
Bf3 Rd8 29. Bd1 Rcd7 30. Bf3 e5 31. Nf1 Rd4 32. Ne3 Bxe4 33. Bxe4 Rxe4 34. Kg2
g6 35. Nc2 Qc5 36. Rf3 Rd2 37. Ne3 Qd4 38. Qb1 Rb2 39. Qe1 Rb3 40. Ra2 c3 41.
Qc1 Rb2 42. Rxb2 cxb2 43. Qc7 Nd7 44. Qd8+ Kg7 45. Qe7 Rf4 46. gxf4 e4 47. Nf5+
gxf5 48. Rg3+ Kh8 49. Qe8+ Kh7 50. Qg8# {Black checkmated} 1-0

[Event "Team 45 45 League T86"]
[Site "Internet Chess Club"]
[Date "2020.11.08"]
[Round "6"]
[White "cap78red"]
[Black "Rookmaster"]
[Result "0-1"]
[WhiteElo "1416"]
[BlackElo "1609"]
[Opening "English: four knights, kingside fianchetto"]
[ECO "A29"]
[Time "10:00:41"]
[TimeControl "2700+45"]

1. c4 e5 2. Nc3 Nf6 3. Nf3 Nc6 4. g3 Bc5 5. e3 d6 6. Bg2 a6 7. O-O O-O 8. Re1
Be6 9. d4 e4 10. Ng5 Bb4 11. d5 Bxc3 12. bxc3 Bg4 13. Qa4 Ne5 14. Nxe4 Nf3+ 15.
Bxf3 Bxf3 16. Nd2 Bg4 17. f3 Bd7 18. Qd1 b5 19. e4 c6 20. Ba3 c5 21. e5 dxe5 22.
Rxe5 Qc7 23. Qe2 Rfe8 24. Re1 h6 25. cxb5 axb5 26. d6 Qxd6 27. Nb1 Rxe5 28. Qxe5
Qd3 29. Qxc5 Qxf3 30. Nd2 Qd3 31. Bc1 Rc8 32. Qd4 Qxc3 33. Qxc3 Rxc3 34. Nb3 Rc2
35. Nd4 Rxa2 36. Rf1 Ng4 37. h3 Ne5 38. Rf2 Rxf2 39. Kxf2 Nd3+ 40. Ke3 Nxc1 41.
Kd2 Na2 42. Kc2 Nb4+ 43. Kb3 Nd3 44. h4 Nc5+ 45. Kb4 Ne4 46. g4 Nf2 47. g5 hxg5
48. hxg5 Kh7 49. Kc5 Ne4+ 50. Kd5 Nxg5 51. Kd6 Be8 52. Ke7 Ne6 53. Nf3 Bc6 54.
Kxf7 Bxf3 55. Kxe6 b4 {White resigns} 0-1

[Event "Team 45 45 League T86"]
[Site "Internet Chess Club"]
[Date "2020.11.07"]
[Round "6"]
[White "Chess4Him"]
[Black "KidRattler"]
[Result "0-1"]
[WhiteElo "1515"]
[BlackElo "1775"]
[Opening "Queen's pawn: London system"]
[ECO "A45"]
[Time "11:01:04"]
[TimeControl "2700+45"]

1. d4 Nf6 2. Bf4 g6 3. Nc3 d5 4. Qd2 Bg7 5. Bh6 O-O 6. Bxg7 Kxg7 7. O-O-O Nc6 8.
e3 a6 9. h4 h5 10. Nf3 Bg4 11. Be2 Ne4 12. Nxe4 dxe4 13. Ng5 Bxe2 14. Qxe2 Qd5
15. Kb1 f6 16. c4 Qf5 17. Nh3 e5 18. d5 Nb4 19. Rd2 Nd3 20. Rf1 Qg4 21. Qxg4
hxg4 22. Ng1 f5 23. g3 g5 24. hxg5 Kg6 25. Ne2 Kxg5 26. Nc1 Nxc1 27. Kxc1 Rf6
28. b4 a5 29. b5 b6 30. Kb2 Rh8 31. Kc3 f4 32. Rdd1 Rh2 33. exf4+ exf4 34. a4
Rh3 35. Kd4 fxg3 36. fxg3 Rxg3 37. Rxf6 Kxf6 38. Kxe4 Ke7 39. Kf4 Ra3 40. Re1+
Kd7 41. Kxg4 Rxa4 42. Re4 Ra1 43. Kf5 a4 44. Kf6 Rf1+ 45. Ke5 a3 46. Re2 Ra1 47.
Rd2 a2 48. Kd4 Kd6 49. Kd3 Kc5 {White resigns} 0-1

[Event "Team 45 45 League T86"]
[Site "Internet Chess Club"]
[Date "2020.11.06"]
[Round "6"]
[White "Pawnchain"]
[Black "BrerRabbit"]
[Result "1-0"]
[WhiteElo "1497"]
[BlackElo "1395"]
[Opening "Queen's pawn, Mason variation"]
[ECO "D00"]
[Time "14:02:13"]
[TimeControl "2700+45"]

1. d4 d5 2. Bf4 Nf6 3. e3 c5 4. c3 Nc6 5. Nd2 cxd4 6. exd4 Bf5 7. Qb3 Qc8 8.
Ngf3 e6 9. Ne5 Nh5 10. Be3 Nf6 11. Nxc6 bxc6 12. Nf3 Bd6 13. Qd1 O-O 14. Be2 h6
15. O-O Qc7 16. h3 Rab8 17. b3 Rfc8 18. c4 c5 19. dxc5 Bxc5 20. Bxc5 Qxc5 21.
cxd5 Nxd5 22. Rc1 Qa5 23. Rxc8+ Rxc8 24. Bc4 Nc3 25. Qd2 Rd8 26. Qb2 Nd5 27. Rd1
Nb4 28. Rxd8+ Qxd8 29. a4 Qd1+ 30. Kh2 Qc2 31. Qd4 a6 32. Qe5 a5 33. Qxa5 Nd3
34. Qd8+ Kh7 35. Bxd3 Qxd3 36. Qxd3 Bxd3 37. b4 Kg8 38. b5 Kf8 39. b6 Ke8 40. b7
{Black resigns} 1-0

[Event "Team 45 45 League T86"]
[Site "Internet Chess Club"]
[Date "2020.11.13"]
[Round "6"]
[White "dpmdpm"]
[Black "bardu"]
[Result "0-1"]
[WhiteElo "1481"]
[BlackElo "1389"]
[Opening "Sicilian: Canal-Sokolsky (Nimzovich-Rossolimo, Moscow) attack"]
[ECO "B51"]
[Time "14:15:37"]
[TimeControl "2700+45"]

1. e4 c5 2. Nf3 d6 3. Bb5+ Nd7 4. O-O a6 5. Bxd7+ Bxd7 6. Nc3 Nf6 7. h3 e6 8. e5
dxe5 9. Nxe5 Bc8 10. d3 Bd6 11. Nf3 b5 12. Bg5 Be7 13. Ne4 Nxe4 14. Bxe7 Nxf2
15. Bxd8 Nxd1 16. Bb6 Nxb2 17. Bxc5 Na4 18. Ba3 Nc3 19. Ne5 f6 20. Nc6 Bb7 21.
Nd4 Bd5 22. Rfe1 Kf7 23. Nb3 Rhe8 24. Bb4 Rac8 25. a3 Bxb3 26. cxb3 Red8 27. Re3
Nd5 {White resigns} 0-1

[Event "Team 45 45 League T86"]
[Site "Internet Chess Club"]
[Date "2020.11.07"]
[Round "6"]
[White "Gojira"]
[Black "clarinetref"]
[Result "0-1"]
[WhiteElo "1531"]
[BlackElo "1428"]
[Opening "Queen's pawn game"]
[ECO "A45"]
[Time "19:02:35"]
[TimeControl "2700+45"]

1. d4 Nf6 2. Nc3 g6 3. Bf4 a6 4. e4 d6 5. e5 dxe5 6. dxe5 Qxd1+ 7. Rxd1 Nh5 8.
Be3 Bg4 9. f3 Be6 10. Ne4 Nd7 11. g4 f5 12. gxf5 Bxf5 13. Nc5 Nxc5 14. Bxc5 e6
15. Bxf8 Rxf8 16. Rd2 Rd8 17. Rf2 Nf4 18. c4 Rf7 19. Ne2 Nd3+ {White resigns}
0-1

[Event "Team 45 45 League T86"]
[Site "Internet Chess Club"]
[Date "2020.11.06"]
[Round "6"]
[White "sdcohle"]
[Black "rkjulianjr"]
[Result "0-1"]
[WhiteElo "1355"]
[BlackElo "1363"]
[Opening "Ruy Lopez: Berlin defense"]
[ECO "C65"]
[Time "13:01:12"]
[TimeControl "2700+45"]

1. e4 e5 2. Nf3 Nc6 3. Bb5 Nf6 4. d3 Bc5 5. O-O O-O 6. c3 d6 7. h3 h6 8. Re1 a6
9. Ba4 b5 10. Bc2 Be6 11. Be3 Ba7 12. d4 exd4 13. cxd4 Nb4 14. d5 Nxc2 15. Qxc2
Bd7 16. Nbd2 Qc8 17. Nf1 Re8 18. Ng3 c5 19. b3 Bb6 20. Rad1 Bxh3 21. gxh3 Qxh3
22. Nh2 Re5 23. f4 Qxg3+ 24. Qg2 Qxg2+ 25. Kxg2 Rxe4 26. Kf3 Rae8 27. Nf1 Ba5
28. Re2 g5 29. Ng3 g4+ 30. Kf2 R4e7 31. Nf5 Ne4+ 32. Kf1 Nc3 33. Nxe7+ Rxe7 34.
Rde1 Nxe2 35. Rxe2 f5 36. Kf2 h5 37. a3 Re4 38. b4 cxb4 39. axb4 Bxb4 40. Rc2
Rc4 41. Rb2 a5 42. Kg3 Kg7 43. Rb3 Rc3 44. Rxc3 Bxc3 45. Bb6 a4 46. Bc5 b4 47.
Bxd6 Kf7 48. Be5 Ke7 49. d6+ Kd7 50. Kh4 a3 51. Kxh5 a2 52. Kg5 a1=Q 53. Bxc3
Qxc3 54. Kxf5 Kxd6 55. Kxg4 b3 56. Kg5 b2 {White resigns} 0-1

[Event "Team 45 45 League T86"]
[Site "Internet Chess Club"]
[Date "2020.11.09"]
[Round "6"]
[White "CMAlge"]
[Black "gregorgg"]
[Result "0-1"]
[WhiteElo "1234"]
[BlackElo "1338"]
[Opening "Sicilian: closed"]
[ECO "B23"]
[Time "16:00:56"]
[TimeControl "2700+45"]

1. e4 c5 2. Nc3 d6 3. f4 Nc6 4. Nf3 g6 5. Bc4 Bg7 6. O-O e6 7. d3 Nge7 8. Qe1
O-O 9. Qh4 a6 10. a4 d5 11. Bb3 dxe4 12. Ng5 h5 13. g4 Bh6 14. Ncxe4 Bxg5 15.
Qxg5 Qd4+ 16. Kh1 hxg4 17. Nf6+ Kg7 18. Nxg4 Rh8 19. Be3 Qd8 20. Qf6+ Kg8 21.
Bxc5 Nf5 22. Rf3 Qxf6 23. Nxf6+ Kg7 24. Ng4 Bd7 25. c3 Na5 26. Bc2 Bc6 27. Rf1
Bxf3+ 28. Rxf3 Nc6 29. Bb6 Rac8 30. d4 Nce7 31. Be4 Nd6 32. Bd3 Nc4 33. Bxc4
Rxc4 34. b3 Rc6 35. Bc5 Nd5 36. Ba3 Rxc3 37. Rxc3 Nxc3 38. Bb2 Nd5 39. a5 Nxf4
40. d5+ Kg8 41. Bxh8 Kxh8 42. d6 e5 43. d7 Ne6 44. Nxe5 Nd8 45. Kg2 Kg7 46. Kf3
Kf6 47. Nc4 Ke7 48. Nb6 Nc6 49. Ke3 Nxa5 50. Kd4 Nxb3+ 51. Kc4 Na5+ 52. Kb4 Nc6+
53. Kc5 Nb8 {White forfeits on time} 0-1